[Event "39th Olympiad Khanty-Mansiysk 2010"]
[Site "Khanty-Mansiysk/Russia"]
[Date "2010.09.22"]
[Round "1"]
[White "Alattar, Ghayda"]
[Black "Solomons, Anzel"]
[Result "1-0"]
[WhiteElo "1891"]
[BlackElo "1932"]
[PlyCount "85"]
[EventDate "2010.??.??"]
[WhiteTeam "Jordan"]
[BlackTeam "South Africa"]
[WhiteTeamCountry "JOR"]
[BlackTeamCountry "RSA"]
[TimeControl "40/5400+30:1800+30"]

1. e4 e5 2. d4 exd4 3. Nf3 Nc6 4. Bc4 Nf6 5. e5 d5 6. Bb5 Ne4 7. Nxd4 Bd7 8.
Bxc6 bxc6 9. O-O Be7 10. f3 Ng5 11. f4 Ne4 12. Nd2 Nxd2 13. Bxd2 c5 14. Ne2 d4
15. f5 Bc6 16. Nf4 Bd5 17. Qh5 Bg5 18. Ne6 g6 19. fxg6 Bxe6 20. gxf7+ Kd7 21.
Bxg5 Qf8 22. Bh6 Qe7 23. Rf6 c4 24. Raf1 Rhf8 25. Bxf8 Rxf8 26. Qxh7 Bd5 27.
Qf5+ Be6 28. Qf4 c5 29. Qe4 Kc7 30. Qg6 Kd7 31. R1f3 c3 32. bxc3 Bxa2 33. cxd4
cxd4 34. Rd6+ Kc7 35. Rxd4 Qc5 36. Qd6+ Qxd6 37. exd6+ Kd7 38. Ra4 Bd5 39.
Rxa7+ Kxd6 40. Rg3 Rxf7 41. Rxf7 Bxf7 42. Re3 Bg6 43. c3 1-0

[Event "39th Olympiad Khanty-Mansiysk 2010"]
[Site "Khanty-Mansiysk/Russia"]
[Date "2010.09.22"]
[Round "1"]
[White "De La Parra, Daniela"]
[Black "Eric, Jovana"]
[Result "0-1"]
[WhiteElo "1887"]
[BlackElo "2218"]
[PlyCount "88"]
[EventDate "2010.??.??"]
[WhiteTeam "Mexico"]
[BlackTeam "SRB"]
[WhiteTeamCountry "MEX"]
[TimeControl "40/5400+30:1800+30"]

1. d4 d5 2. Bg5 c6 3. Nc3 Bf5 4. e3 Nd7 5. Bd3 Bxd3 6. cxd3 Qb6 7. Rb1 e6 8.
Nf3 Ngf6 9. O-O h6 10. Bh4 Be7 11. Qe2 O-O 12. Rfc1 a5 13. Na4 Qd8 14. Nc5 g5
15. Bg3 Nxc5 16. dxc5 Nd7 17. Ne5 Nxe5 18. Bxe5 f6 19. Bg3 Qe8 20. d4 Qf7 21.
b4 axb4 22. Rxb4 b5 23. Qc2 Ra3 24. Rcb1 Rfa8 25. R1b2 Qh7 26. Qe2 Qd3 27. Qxd3
Rxd3 28. h3 Rda3 29. Bc7 Rxa2 30. Rxa2 Rxa2 31. Kf1 Kf7 32. g4 Ke8 33. f4 Kd7
34. Bb8 Ra8 35. Bd6 Bxd6 36. cxd6 Kxd6 37. Ke2 Ra2+ 38. Kf3 Kc7 39. Rb3 Kb6 40.
e4 Rd2 41. e5 Rxd4 42. f5 Rf4+ 43. Kg3 fxe5 44. fxe6 Rf6 0-1

[Event "39th Olympiad Khanty-Mansiysk 2010"]
[Site "Khanty-Mansiysk/Russia"]
[Date "2010.09.22"]
[Round "1"]
[White "Cummins, John"]
[Black "AlHuwar, Jasem"]
[Result "0-1"]
[WhiteElo "1882"]
[BlackElo "2265"]
[PlyCount "46"]
[EventDate "2010.??.??"]
[WhiteTeam "Channel Islands"]
[BlackTeam "United Arab Emirates"]
[WhiteTeamCountry "GCI"]
[BlackTeamCountry "UAE"]
[TimeControl "40/5400+30:1800+30"]

1. e4 g6 2. d4 Bg7 3. Nf3 d6 4. Bc4 Nf6 5. Nc3 O-O 6. O-O c6 7. Bb3 b5 8. e5
Ne8 9. Bf4 d5 10. Re1 Nc7 11. Qd2 Bg4 12. Qe3 Ne6 13. Ng5 Nxg5 14. Bxg5 a5 15.
a3 Na6 16. h3 Be6 17. Rad1 Re8 18. Qf4 f6 19. exf6 exf6 20. Bh4 g5 21. Qd2 gxh4
22. Re2 Qd6 23. Rde1 Bf7 0-1

[Event "39th Olympiad Khanty-Mansiysk 2010"]
[Site "Khanty-Mansiysk/Russia"]
[Date "2010.09.22"]
[Round "1"]
[White "Bacchas, Clevert"]
[Black "Khelfallah, Badreddine"]
[Result "1/2-1/2"]
[WhiteElo "1871"]
[BlackElo "2183"]
[PlyCount "95"]
[EventDate "2010.??.??"]
[WhiteTeam "Bermuda"]
[BlackTeam "Algeria"]
[WhiteTeamCountry "BER"]
[BlackTeamCountry "ALG"]
[TimeControl "40/5400+30:1800+30"]

1. Nf3 c5 2. c4 e6 3. g3 b6 4. Bg2 Bb7 5. Nc3 Nf6 6. O-O Be7 7. e3 O-O 8. b3 d6
9. d4 Nbd7 10. Bb2 a6 11. Qd3 Qc7 12. Rad1 Rfe8 13. Rfe1 Bf8 14. h3 Rad8 15. d5
e5 16. Ne4 Nxe4 17. Qxe4 Nf6 18. Qc2 g6 19. Nd2 Bg7 20. f4 Bc8 21. Nf3 exf4 22.
exf4 Bf5 23. Qc1 Qd7 24. Kh2 Be4 25. Qa1 Nh5 26. Bxg7 Nxg7 27. Ng5 Bxg2 28.
Kxg2 Nf5 29. Ne4 Rxe4 30. Rxe4 h5 31. Qf6 b5 32. Rde1 bxc4 33. Re7 Nxe7 34.
Rxe7 Qf5 35. Qxf5 gxf5 36. bxc4 Rb8 37. Re2 Rb4 38. Rc2 Kf8 39. Kf3 Ra4 40. Ke2
Ra3 41. Kf2 Ke8 42. Rb2 Kd8 43. Rb8+ Kc7 44. Rf8 Rxa2+ 45. Kf3 Ra3+ 46. Kf2
Ra2+ 47. Kf3 Ra3+ 48. Kf2 1/2-1/2

[Event "39th Olympiad Khanty-Mansiysk 2010"]
[Site "Khanty-Mansiysk/Russia"]
[Date "2010.09.22"]
[Round "1"]
[White "Juddan, Ahmid"]
[Black "Van den Heever, Donovan"]
[Result "0-1"]
[WhiteElo "1832"]
[BlackElo "2285"]
[PlyCount "66"]
[EventDate "2010.??.??"]
[WhiteTeam "ARU"]
[BlackTeam "South Africa"]
[BlackTeamCountry "RSA"]
[TimeControl "40/5400+30:1800+30"]

1. Nf3 c5 2. c4 Nc6 3. Nc3 g6 4. g3 Bg7 5. Bg2 e6 6. O-O Nge7 7. d3 O-O 8. Bf4
d6 9. Qd2 Nf5 10. e4 Nfd4 11. Nxd4 Nxd4 12. Bh6 Qa5 13. Bxg7 Kxg7 14. f4 e5 15.
Qf2 f6 16. fxe5 dxe5 17. Nd5 Be6 18. Ne3 Rad8 19. Rfd1 h5 20. Qd2 Qc7 21. b4 h4
22. Qf2 hxg3 23. hxg3 cxb4 24. Rab1 Qc5 25. Rd2 a5 26. Bf3 b5 27. Bg4 Bxg4 28.
Nxg4 bxc4 29. Rf1 c3 30. Rdd1 c2 31. Ra1 Ne2+ 32. Kg2 Qxf2+ 33. Nxf2 Rc8 0-1

[Event "39th Olympiad Khanty-Mansiysk 2010"]
[Site "Khanty-Mansiysk/Russia"]
[Date "2010.09.22"]
[Round "1"]
[White "Soondarsingh, Aditi"]
[Black "Vargas, Gabriela"]
[Result "0-1"]
[WhiteElo "1829"]
[BlackElo "2085"]
[PlyCount "54"]
[EventDate "2010.??.??"]
[WhiteTeam "Trinidad and Tobago"]
[BlackTeam "Paraguay"]
[WhiteTeamCountry "TRI"]
[BlackTeamCountry "PAR"]
[TimeControl "40/5400+30:1800+30"]

1. e4 c6 2. d4 d5 3. Nc3 dxe4 4. Nxe4 Bf5 5. Ng3 Bg6 6. Nf3 Nd7 7. h4 h6 8. h5
Bh7 9. Bd3 Bxd3 10. Qxd3 e6 11. Bd2 Qc7 12. O-O-O Ngf6 13. Ne4 Nxe4 14. Qxe4
Nf6 15. Qe2 O-O-O 16. Kb1 Bd6 17. c4 c5 18. Rh3 Qc6 19. dxc5 Bxc5 20. Rh4 Rhf8
21. Be1 Rxd1+ 22. Qxd1 Rd8 23. Qe2 Qd7 24. a3 Qa4 25. Ka2 Qd1 26. Qe5 b6 27.
Qc3 Rd3 0-1

[Event "39th Olympiad Khanty-Mansiysk 2010"]
[Site "Khanty-Mansiysk/Russia"]
[Date "2010.09.22"]
[Round "1"]
[White "Al-Hammadi, Fatma"]
[Black "Tilenbaev, Baktygul"]
[Result "0-1"]
[WhiteElo "1829"]
[BlackElo "1944"]
[PlyCount "56"]
[EventDate "2010.??.??"]
[WhiteTeam "United Arab Emirates"]
[BlackTeam "Kyrgyzstan"]
[WhiteTeamCountry "UAE"]
[BlackTeamCountry "KGZ"]
[TimeControl "40/5400+30:1800+30"]

1. d4 d5 2. c4 e6 3. Nf3 Nf6 4. cxd5 Nxd5 5. e4 Nb6 6. Nc3 N8d7 7. Bf4 c6 8.
Bd3 Be7 9. O-O h6 10. Rc1 g5 11. Bg3 h5 12. h3 Nf8 13. Bb1 Ng6 14. Qd2 g4 15.
hxg4 hxg4 16. Nh2 Bg5 17. Qd3 Bxc1 18. Rxc1 Qg5 19. Qd1 f5 20. exf5 exf5 21.
Qe2+ Kf7 22. Re1 Bd7 23. Be5 Nxe5 24. dxe5 Be6 25. g3 Rxh2 26. Kxh2 Qh5+ 27.
Kg1 Rh8 28. f4 Qh1+ 0-1

[Event "39th Olympiad Khanty-Mansiysk 2010"]
[Site "Khanty-Mansiysk/Russia"]
[Date "2010.09.22"]
[Round "1"]
[White "Al-Jelda, Fatemah"]
[Black "Abdulgader, Amira"]
[Result "1-0"]
[WhiteElo "1822"]
[BlackElo "1509"]
[PlyCount "23"]
[EventDate "2010.??.??"]
[WhiteTeam "Syria"]
[BlackTeam "Libya"]
[WhiteTeamCountry "SYR"]
[BlackTeamCountry "LBY"]
[TimeControl "40/5400+30:1800+30"]

1. e4 c6 2. d4 d5 3. exd5 cxd5 4. c4 dxc4 5. Bxc4 Nf6 6. Nf3 Bg4 7. Qb3 e6 8.
Qxb7 Nbd7 9. Be2 Nb6 10. Ne5 Qxd4 11. Qxf7+ Kd8 12. Nc6+ 1-0

[Event "39th Olympiad Khanty-Mansiysk 2010"]
[Site "Khanty-Mansiysk/Russia"]
[Date "2010.09.22"]
[Round "1"]
[White "Liu, Yeh Yang"]
[Black "Mendoza, Rodrigo"]
[Result "0-1"]
[WhiteElo "1818"]
[BlackElo "2124"]
[PlyCount "72"]
[EventDate "2010.??.??"]
[WhiteTeam "TPE"]
[BlackTeam "Bolivia"]
[BlackTeamCountry "BOL"]
[TimeControl "40/5400+30:1800+30"]

1. e4 c6 2. d4 d5 3. e5 Bf5 4. Nf3 e6 5. Nbd2 Nd7 6. c3 Ne7 7. Nh4 Bg6 8. Nxg6
hxg6 9. Nf3 Nf5 10. Bd3 Be7 11. Qc2 c5 12. Be3 cxd4 13. Bxd4 Nxd4 14. cxd4 Bb4+
15. Ke2 Rc8 16. Qa4 Qa5 17. Qxa5 Bxa5 18. Rhc1 Ke7 19. a3 Bb6 20. h3 Nb8 21.
Bb5 a6 22. Ba4 Ba7 23. b4 b5 24. Bb3 Nc6 25. Kd3 a5 26. Ke3 f6 27. a4 fxe5 28.
axb5 Nxd4 29. Rxa5 Bb6 30. Rxc8 Nxb3+ 31. Ke2 Rxc8 32. Ra6 Nd4+ 33. Kd3 e4+ 34.
Ke3 exf3 35. gxf3 Nf5+ 36. Ke2 Bd4 0-1

[Event "39th Olympiad Khanty-Mansiysk 2010"]
[Site "Khanty-Mansiysk/Russia"]
[Date "2010.09.22"]
[Round "1"]
[White "Latreche, Khadidja"]
[Black "Wakabayashi, Hisako"]
[Result "1-0"]
[WhiteElo "1815"]
[BlackElo "1493"]
[PlyCount "57"]
[EventDate "2010.??.??"]
[WhiteTeam "Algeria"]
[BlackTeam "Japan"]
[WhiteTeamCountry "ALG"]
[BlackTeamCountry "JPN"]
[TimeControl "40/5400+30:1800+30"]

1. e4 d6 2. d4 g6 3. Nc3 Bg7 4. f4 c6 5. Nf3 Bg4 6. Be2 Nf6 7. Be3 O-O 8. O-O
Nbd7 9. h3 Bxf3 10. Bxf3 Qb6 11. Qd2 Qc7 12. e5 Ne8 13. Bg4 Nb6 14. b3 d5 15.
f5 Qd8 16. Ne2 Nc7 17. Bh6 Qe8 18. Bxg7 Kxg7 19. f6+ exf6 20. exf6+ Kh8 21. Ng3
Qd8 22. Rae1 Rg8 23. Re7 g5 24. Rxf7 Ne8 25. Qd3 Rg6 26. Rf8+ Rg8 27. Rxg8+
Kxg8 28. f7+ Kg7 29. f8=Q# 1-0

[Event "39th Olympiad Khanty-Mansiysk 2010"]
[Site "Khanty-Mansiysk/Russia"]
[Date "2010.09.22"]
[Round "1"]
[White "Sanchez, Rodriguez Wilmai"]
[Black "Chen, Eachen"]
[Result "1-0"]
[WhiteElo "1812"]
[BlackElo "1966"]
[PlyCount "57"]
[EventDate "2010.??.??"]
[WhiteTeam "Puerto Rico"]
[BlackTeam "New Zealand"]
[WhiteTeamCountry "PUR"]
[BlackTeamCountry "NZL"]
[TimeControl "40/5400+30:1800+30"]

1. e4 e6 2. d4 d5 3. exd5 exd5 4. c4 c6 5. Nc3 Nf6 6. cxd5 cxd5 7. Nf3 Be7 8.
Be2 O-O 9. O-O Nc6 10. Bf4 Bf5 11. Ne5 Rc8 12. Rc1 Ne4 13. Nxc6 bxc6 14. Ba6
Nxc3 15. Rxc3 Qb6 16. Bxc8 Rxc8 17. Rb3 Qa6 18. Re1 Be6 19. a3 Bf6 20. Be5 Bxe5
21. Rxe5 h6 22. Qc1 Qa5 23. Qc3 Qc7 24. Qc5 Qd7 25. Ree3 Qc7 26. Rb4 Qd7 27.
Reb3 Rc7 28. Rb8+ Kh7 29. Qf8 1-0

[Event "39th Olympiad Khanty-Mansiysk 2010"]
[Site "Khanty-Mansiysk/Russia"]
[Date "2010.09.22"]
[Round "1"]
[White "Figueroa, Julissa"]
[Black "Safar, Reem"]
[Result "0-1"]
[WhiteElo "1792"]
[BlackElo "1702"]
[PlyCount "74"]
[EventDate "2010.??.??"]
[WhiteTeam "Guatemala"]
[BlackTeam "Qatar"]
[WhiteTeamCountry "GUA"]
[BlackTeamCountry "QAT"]
[TimeControl "40/5400+30:1800+30"]

1. e4 c6 2. d4 d5 3. Nc3 dxe4 4. Nxe4 Nf6 5. Nxf6+ exf6 6. c3 Bd6 7. Bd2 O-O 8.
Qc2 Re8+ 9. Be2 Nd7 10. O-O-O b5 11. Bd3 Nf8 12. Ne2 a5 13. f3 Qb6 14. g4 b4
15. c4 c5 16. d5 a4 17. Qb1 Bb7 18. h4 Qc7 19. g5 f5 20. h5 g6 21. Rh4 Bg3 22.
Rh3 Be5 23. Rdh1 Bd4 24. hxg6 fxg6 25. Nxd4 cxd4 26. Qc2 b3 27. axb3 axb3 28.
Qxb3 Bxd5 29. Kb1 Be6 30. Bc1 Reb8 31. Qc2 Qa5 32. Qh2 Rb7 33. Rh6 Qa2+ 34. Kc2
Bxc4 35. Bxf5 Qb3+ 36. Kd2 Qe3+ 37. Kd1 Qxf3+ 0-1

[Event "39th Olympiad Khanty-Mansiysk 2010"]
[Site "Khanty-Mansiysk/Russia"]
[Date "2010.09.22"]
[Round "1"]
[White "Fairley, Natasha"]
[Black "Comas, Colon Rinelly"]
[Result "0-1"]
[WhiteElo "1777"]
[BlackElo "1696"]
[PlyCount "110"]
[EventDate "2010.??.??"]
[WhiteTeam "New Zealand"]
[BlackTeam "Puerto Rico"]
[WhiteTeamCountry "NZL"]
[BlackTeamCountry "PUR"]
[TimeControl "40/5400+30:1800+30"]

1. e4 g6 2. d4 Bg7 3. Nf3 d6 4. Nc3 Nf6 5. Bf4 O-O 6. h3 c6 7. Qd2 b5 8. a3
Nbd7 9. Bh6 Qc7 10. Bxg7 Kxg7 11. Qg5 h6 12. Qe3 e5 13. dxe5 dxe5 14. g4 Re8
15. g5 hxg5 16. Qxg5 Nc5 17. Nd2 Ne6 18. Qe3 Qb6 19. Qxb6 axb6 20. Nf3 Nd4 21.
Nxd4 exd4 22. Ne2 Nxe4 23. Rd1 c5 24. f3 Ng3 25. Rh2 Bb7 26. Kf2 Nxf1 27. Rxf1
Re3 28. Kg3 b4 29. axb4 Ba6 30. Rff2 Bxe2 31. Rxe2 cxb4 32. Rxe3 dxe3 33. Re2
Rc8 34. Kf4 Kf6 35. Kxe3 Re8+ 36. Kd2 Rxe2+ 37. Kxe2 Kf5 38. Ke3 g5 39. f4
gxf4+ 40. Kf3 Kg5 41. h4+ Kxh4 42. Kxf4 b5 43. b3 Kh3 44. Ke5 Kg4 45. Kd5 f5
46. Kc5 f4 47. Kxb4 f3 48. Kxb5 f2 49. c4 f1=Q 50. b4 Kf4 51. Kc5 Ke4 52. b5
Qf8+ 53. Kc6 Qc8+ 54. Kd6 Qxc4 55. b6 Qc8 0-1

[Event "39th Olympiad Khanty-Mansiysk 2010"]
[Site "Khanty-Mansiysk/Russia"]
[Date "2010.09.22"]
[Round "1"]
[White "Matoussi, Amina"]
[Black "Lang, Heather"]
[Result "0-1"]
[WhiteElo "1772"]
[BlackElo "2025"]
[PlyCount "22"]
[EventDate "2010.??.??"]
[WhiteTeam "Tunisia"]
[BlackTeam "Scotland"]
[WhiteTeamCountry "TUN"]
[BlackTeamCountry "SCO"]
[TimeControl "40/5400+30:1800+30"]

1. e4 e5 2. Nf3 Nc6 3. d4 exd4 4. Bc4 Nf6 5. e5 d5 6. Bb5 Ne4 7. Nxd4 Bc5 8. f3
Qh4+ 9. g3 Nxg3 10. Nxc6 Nxh1+ 11. Ke2 Bf8 0-1

[Event "39th Olympiad Khanty-Mansiysk 2010"]
[Site "Khanty-Mansiysk/Russia"]
[Date "2010.09.22"]
[Round "1"]
[White "Basnayake, I U."]
[Black "Richards, Deborah"]
[Result "0-1"]
[WhiteElo "1746"]
[BlackElo "2003"]
[PlyCount "144"]
[EventDate "2010.??.??"]
[WhiteTeam "Sri Lanka"]
[BlackTeam "Jamaica"]
[WhiteTeamCountry "SRI"]
[BlackTeamCountry "JAM"]
[TimeControl "40/5400+30:1800+30"]

1. e4 c5 2. c3 Nf6 3. e5 Nd5 4. Nf3 Nc6 5. d4 cxd4 6. cxd4 d6 7. Bc4 dxe5 8.
dxe5 e6 9. O-O Nb6 10. Bb3 Qxd1 11. Rxd1 Be7 12. Nc3 O-O 13. Bf4 h6 14. Bg3 Nd7
15. Ne4 Rd8 16. Ba4 Nb6 17. Bb3 Bd7 18. Nd6 Rab8 19. Rac1 Kf8 20. a3 Nc8 21.
Ne4 Nb6 22. Nd6 Na5 23. Ba2 Ba4 24. Rd3 Bb5 25. Rdd1 Ba4 26. Rd3 Nc8 27. b3 Be8
28. Rcd1 Nc6 29. h3 Nb6 30. b4 a6 31. Bb3 Na7 32. Nd4 Nbc8 33. Nf3 Bc6 34. Nd4
Bd7 35. Nf3 Nb6 36. Nd4 Nc6 37. Nf3 Na7 38. Nd4 Nb5 39. N4xb5 axb5 40. Rf3 Bxd6
41. Rxd6 Bc6 42. Rfd3 Ke7 43. Bh4+ g5 44. Bg3 Rxd6 45. exd6+ Kd7 46. Be5 Bd5
47. Bxd5 Nxd5 48. Rf3 f5 49. Kf1 Nb6 50. Rd3 Nc4 51. Bg7 h5 52. Bf6 g4 53. hxg4
hxg4 54. Bg5 Ra8 55. Bc1 Ra6 56. Ke2 Rxd6 57. Rc3 Rd4 58. Bh6 Kd6 59. Bf8+ Kd5
60. Bh6 f4 61. g3 e5 62. Bg5 f3+ 63. Ke1 Ke4 64. Be3 Rd3 65. Rc2 Nxe3 66. fxe3
Kxe3 67. Rc1 f2+ 68. Kf1 Kf3 69. Rb1 Kxg3 70. Ra1 Kf3 71. Rb1 g3 72. Rb3 g2#
0-1

[Event "39th Olympiad Khanty-Mansiysk 2010"]
[Site "Khanty-Mansiysk/Russia"]
[Date "2010.09.22"]
[Round "1"]
[White "Marzouk, Amira"]
[Black "Giulian, Rosemary A"]
[Result "1/2-1/2"]
[WhiteElo "1745"]
[BlackElo "1990"]
[PlyCount "50"]
[EventDate "2010.??.??"]
[WhiteTeam "Tunisia"]
[BlackTeam "Scotland"]
[WhiteTeamCountry "TUN"]
[BlackTeamCountry "SCO"]
[TimeControl "40/5400+30:1800+30"]

1. e4 e6 2. d4 d5 3. exd5 exd5 4. Bd3 Nc6 5. c3 Bd6 6. Nf3 Nge7 7. O-O Bf5 8.
Bg5 Bxd3 9. Qxd3 f6 10. Be3 O-O 11. Nbd2 Nb8 12. c4 c6 13. c5 Bc7 14. Rfe1 Nd7
15. Re2 Re8 16. Rae1 Nf8 17. Nf1 Qd7 18. Ng3 Nfg6 19. Qd2 Nf5 20. Nxf5 Qxf5 21.
Qb4 Rab8 22. Qb3 Qd7 23. Qc2 Re7 24. Qb1 Rbe8 25. Kf1 Qc8 1/2-1/2

[Event "39th Olympiad Khanty-Mansiysk 2010"]
[Site "Khanty-Mansiysk/Russia"]
[Date "2010.09.22"]
[Round "1"]
[White "Corbin, Rashida"]
[Black "Antonova, Nadezhda"]
[Result "0-1"]
[WhiteElo "1718"]
[BlackElo "1838"]
[PlyCount "120"]
[EventDate "2010.??.??"]
[WhiteTeam "Barbados"]
[BlackTeam "Tajikistan"]
[WhiteTeamCountry "BAR"]
[BlackTeamCountry "TJK"]
[TimeControl "40/5400+30:1800+30"]

1. e4 e5 2. Nf3 Qe7 3. Bc4 d6 4. Nc3 c6 5. d3 g6 6. Bg5 f6 7. Be3 Nh6 8. h3 Nf7
9. Bxf7+ Qxf7 10. d4 Bg7 11. dxe5 dxe5 12. Qd6 Bf8 13. Qd3 Be6 14. Rd1 Nd7 15.
b3 Bb4 16. O-O O-O 17. Ne2 Nc5 18. Bxc5 Bxc5 19. c3 a5 20. Rd2 b5 21. Rfd1 b4
22. c4 a4 23. Qb1 Qg7 24. Ng3 Qc7 25. Ne1 Qb6 26. Nd3 Bd4 27. Ne2 Rfd8 28. Nxd4
Rxd4 29. Nb2 axb3 30. axb3 c5 31. Na4 Qc6 32. Rxd4 exd4 33. Nb2 Bc8 34. Re1 Bb7
35. f3 Ra3 36. Nd3 Bc8 37. Re2 Qa6 38. Qb2 Qa7 39. Kf2 Qc7 40. e5 f5 41. f4 Bb7
42. e6 Be4 43. Ne5 Qe7 44. Nd7 Ra5 45. g3 Qxe6 46. Ne5 Qa6 47. Qc1 Ra1 48. Qd2
Rh1 49. h4 Qa1 50. Re1 Rxe1 51. Qxe1 Qb2+ 52. Qe2 Qxb3 53. Qd2 Qa3 54. Nd7 Qf3+
55. Ke1 Qxg3+ 56. Kd1 Qb3+ 57. Ke2 Qxc4+ 58. Kf2 b3 59. Qa5 Qc2+ 60. Ke1 Qc3+
0-1

[Event "39th Olympiad Khanty-Mansiysk 2010"]
[Site "Khanty-Mansiysk/Russia"]
[Date "2010.09.22"]
[Round "1"]
[White "Jalal, Amani"]
[Black "Jennitha, Anto K"]
[Result "0-1"]
[WhiteElo "1708"]
[BlackElo "1966"]
[PlyCount "90"]
[EventDate "2010.??.??"]
[WhiteTeam "Yemen"]
[BlackTeam "IPC"]
[WhiteTeamCountry "YEM"]
[TimeControl "40/5400+30:1800+30"]

1. e4 c5 2. Nf3 d6 3. d4 cxd4 4. Nxd4 Nf6 5. Nc3 a6 6. h3 e5 7. Nf3 Be7 8. Be2
O-O 9. O-O b5 10. a3 Bb7 11. Bd3 Nbd7 12. Be3 Rc8 13. Nh2 Nc5 14. Bxc5 dxc5 15.
f3 Qb6 16. Kh1 Rfd8 17. Qe1 c4 18. Be2 Rc7 19. Nd1 Rcd7 20. Ng4 Nxg4 21. fxg4
Bxe4 22. g5 Qc6 23. Qg3 Bxc2 24. Ne3 Bd3 25. Bxd3 Rxd3 26. Nf5 Qe6 27. Nxe7+
Qxe7 28. Qg4 Qd7 29. Qxd7 R8xd7 30. Rae1 Re7 31. Rf5 e4 32. Rc5 g6 33. Kg1 e3
34. Rc6 a5 35. Rc5 Rb3 36. Re2 a4 37. g4 Rd7 38. Re5 Rd2 39. R2xe3 Rxe3 40.
Rxe3 Rxb2 41. h4 Kg7 42. Rf3 Rb3 43. Rf6 Rxa3 44. h5 gxh5 45. gxh5 Rg3+ 0-1

[Event "39th Olympiad Khanty-Mansiysk 2010"]
[Site "Khanty-Mansiysk/Russia"]
[Date "2010.09.22"]
[Round "1"]
[White "Yang, Ching Wei Austin"]
[Black "Angulo, P  Carlos"]
[Result "0-1"]
[WhiteElo "1695"]
[BlackElo "2210"]
[PlyCount "108"]
[EventDate "2010.??.??"]
[WhiteTeam "TPE"]
[BlackTeam "Bolivia"]
[BlackTeamCountry "BOL"]
[TimeControl "40/5400+30:1800+30"]

1. e4 c5 2. Nf3 d6 3. d4 cxd4 4. Nxd4 Nf6 5. Nc3 g6 6. Be3 Bg7 7. f3 O-O 8. Qd2
Nc6 9. O-O-O Bd7 10. Bc4 Qa5 11. Kb1 Rfc8 12. Bb3 Ne5 13. h4 h5 14. Bg5 Rxc3
15. Qxc3 Qxc3 16. bxc3 Rc8 17. Kb2 b5 18. Rhf1 a5 19. a3 Nc4+ 20. Bxc4 Rxc4 21.
e5 dxe5 22. Nb3 Be6 23. Nxa5 Rc7 24. Rd8+ Kh7 25. Rfd1 e4 26. Nb3 Nd7 27. Nd4
Nc5 28. Kc1 Bc4 29. fxe4 Nxe4 30. Nf3 Be6 31. Re1 f5 32. Bf4 Bh6 33. Ng5+ Bxg5
34. hxg5 Rc8 35. Red1 Kg7 36. Rxc8 Bxc8 37. Rd8 Be6 38. Rb8 Bc4 39. Kb2 Kf7 40.
a4 bxa4 41. Rb4 Bf1 42. g3 a3+ 43. Kxa3 Nxc3 44. Rb3 Nd5 45. Rb1 Bg2 46. Rg1
Nxf4 47. gxf4 Be4 48. Re1 h4 49. Re2 h3 50. Rh2 Bg2 51. Kb4 e5 52. Kc5 exf4 53.
Kd4 f3 54. Ke3 Ke6 0-1

[Event "39th Olympiad Khanty-Mansiysk 2010"]
[Site "Khanty-Mansiysk/Russia"]
[Date "2010.09.22"]
[Round "1"]
[White "Perez, Dalila"]
[Black "Smith, Javanna"]
[Result "1-0"]
[WhiteElo "1684"]
[BlackElo "1796"]
[PlyCount "80"]
[EventDate "2010.??.??"]
[WhiteTeam "Paraguay"]
[BlackTeam "Trinidad and Tobago"]
[WhiteTeamCountry "PAR"]
[BlackTeamCountry "TRI"]
[TimeControl "40/5400+30:1800+30"]

1. d4 d5 2. c4 e6 3. Nc3 Bb4 4. Nf3 Nf6 5. Bd2 Nbd7 6. e3 O-O 7. cxd5 exd5 8.
Bd3 Nb6 9. Ne5 Re8 10. O-O c6 11. h3 Qc7 12. Rc1 Bd6 13. Nb5 Qd8 14. Nxd6 Qxd6
15. Qf3 Qe7 16. a3 a5 17. Rfe1 Ne4 18. Bc3 Nd7 19. Nxd7 Bxd7 20. Qe2 Bf5 21.
Qc2 Qg5 22. f3 Ng3 23. h4 Qg6 24. Bxf5 Nxf5 25. Qf2 Qh6 26. g3 Qg6 27. Kh2 b5
28. Bd2 a4 29. e4 dxe4 30. fxe4 Nd6 31. Rxc6 Re6 32. e5 Nc4 33. Rxe6 Qxe6 34.
Bc3 Re8 35. Rd1 Qd5 36. Qf4 f6 37. exf6 Re2+ 38. Kh3 Qg2+ 39. Kg4 Re4 40. f7+
Kf8 1-0

[Event "39th Olympiad Khanty-Mansiysk 2010"]
[Site "Khanty-Mansiysk/Russia"]
[Date "2010.09.22"]
[Round "1"]
[White "Al-Khelaifi, Aisha"]
[Black "Mencos, Claudia"]
[Result "0-1"]
[WhiteElo "1635"]
[BlackElo "1912"]
[PlyCount "100"]
[EventDate "2010.??.??"]
[WhiteTeam "Qatar"]
[BlackTeam "Guatemala"]
[WhiteTeamCountry "QAT"]
[BlackTeamCountry "GUA"]
[TimeControl "40/5400+30:1800+30"]

1. e4 c5 2. Nf3 e6 3. c3 d5 4. exd5 Qxd5 5. d4 Nc6 6. Be3 cxd4 7. cxd4 Nf6 8.
Nc3 Qd6 9. a3 Be7 10. Bd3 O-O 11. O-O a6 12. Qe2 b5 13. Rfe1 Bb7 14. Rad1 Rad8
15. Bb1 b4 16. axb4 Nxb4 17. Bg5 a5 18. Na2 Ba6 19. Qd2 Nfd5 20. Nxb4 Nxb4 21.
Bf4 Qb6 22. Qe3 Bb7 23. Be5 f6 24. Bc7 Qxc7 25. Qxe6+ Rf7 26. Bxh7+ Kxh7 27.
Qxf7 Bd6 28. Qh5+ Kg8 29. h3 Bd5 30. Qf5 Qf7 31. Re3 Qd7 32. Qxd7 Rxd7 33. Re8+
Kf7 34. Rc8 Nc6 35. Rc1 Ne7 36. R8c3 Rb7 37. R3c2 Be4 38. Re2 Bd3 39. Ree1 Rxb2
40. Red1 Bf5 41. Ra1 Bb4 42. Ne1 Bc3 43. Ra3 Nd5 44. Nd3 Rb5 45. Nc1 Bc2 46.
Rf1 a4 47. Ne2 Bb2 48. Ra2 a3 49. Nc1 Nc3 50. Re1 Bb1 0-1

[Event "39th Olympiad Khanty-Mansiysk 2010"]
[Site "Khanty-Mansiysk/Russia"]
[Date "2010.09.22"]
[Round "1"]
[White "Byun, Sungwon"]
[Black "Zsiltzova-Lisenko, Lubov"]
[Result "0-1"]
[WhiteElo "1615"]
[BlackElo "2282"]
[PlyCount "94"]
[EventDate "2010.??.??"]
[WhiteTeam "Korea"]
[BlackTeam "IBC"]
[WhiteTeamCountry "KOR"]
[TimeControl "40/5400+30:1800+30"]

1. e4 c5 2. Nf3 Nc6 3. d4 cxd4 4. Nxd4 Nf6 5. Nc3 d6 6. Bc4 e6 7. Be3 a6 8. a3
Qc7 9. Bb3 Be7 10. Qd2 O-O 11. f3 Na5 12. Ba2 b5 13. b3 Bd7 14. Rc1 Rfc8 15.
Nce2 d5 16. b4 Nc4 17. Bxc4 bxc4 18. O-O dxe4 19. Ng3 c3 20. Qd1 Nd5 21. Qe1
exf3 22. Rxf3 a5 23. Qf2 Nxe3 24. Qxe3 axb4 25. axb4 Bxb4 26. Rcf1 Rf8 27. Ne4
Qb6 28. Nxc3 Bc5 29. Nce2 Rae8 30. Qd2 e5 31. Rb3 Qa7 32. Rd3 Bb5 33. Rb3 Bxd4+
34. Kh1 Qa6 35. Re1 Bf2 36. Reb1 Bxe2 37. Rb7 Rd8 38. Rd7 Rxd7 39. Qxd7 Qg6 40.
Qc7 h6 41. Rc1 Qh5 42. Qc3 Bg4 43. Rf1 Be6 44. Qd2 Bg3 45. h3 Bf4 46. Qf2 Bxh3
47. gxh3 Qxh3+ 0-1

[Event "39th Olympiad Khanty-Mansiysk 2010"]
[Site "Khanty-Mansiysk/Russia"]
[Date "2010.09.22"]
[Round "1"]
[White "Abdulsalam, Nadhmia"]
[Black "Kaydanovich, Marina"]
[Result "0-1"]
[WhiteElo "1586"]
[BlackElo "1837"]
[PlyCount "106"]
[EventDate "2010.??.??"]
[WhiteTeam "Yemen"]
[BlackTeam "IPC"]
[WhiteTeamCountry "YEM"]
[TimeControl "40/5400+30:1800+30"]

1. d4 Nf6 2. Nf3 d5 3. e3 Bg4 4. c4 e6 5. Qb3 Bxf3 6. gxf3 Qc8 7. Nc3 c6 8. Bd3
dxc4 9. Bxc4 b5 10. Bd3 Nbd7 11. e4 Nb6 12. Bf4 Be7 13. Rg1 Kf8 14. Rc1 Qd7 15.
d5 exd5 16. exd5 Nbxd5 17. Nxd5 Nxd5 18. Bg3 h5 19. h4 Rh6 20. a3 Qe6+ 21. Kd2
Rd8 22. Kc2 Ne3+ 23. fxe3 Qxb3+ 24. Kxb3 Rxd3+ 25. Kc2 Rxe3 26. Bf4 Re2+ 27.
Kd3 Rhe6 28. Rxc6 Rxc6 29. Kxe2 Bxh4 30. Rh1 g5 31. Be3 a6 32. Bd4 f6 33. f4
Kf7 34. fxg5 fxg5 35. Rf1+ Kg6 36. Rf8 Bg3 37. Kf3 Bf4 38. Rg8+ Kf7 39. Rh8 Kg6
40. Rg8+ Kf5 41. Rf8+ Ke6 42. Rh8 h4 43. Bc3 Kd5 44. Re8 Re6 45. Rd8+ Kc6 46.
Rh8 Kd5 47. Rd8+ Rd6 48. Re8 h3 49. Rh8 h2 50. Rh5 Kc4 51. Rh8 Rd1 52. Kg2 Rg1+
53. Kf2 h1=Q 0-1